 Dungeon Crawl Stone Soup version 0.24.0-123-gd5b16e6ec5 (webtiles) character file.

Game seed: 1730101686479208765, levelgen mode: deterministic

2162 Elellon the Cleaver (level 9, -3/74 HPs)
             Began as a Hill Orc Fighter on Jan 19, 2020.
             Was an Initiate of Okawaru.
             Slain by a manticore (11 damage)
             ... on level 7 of the Dungeon.
             The game lasted 00:10:12 (6411 turns).

Elellon the Cleaver (Hill Orc Fighter)              Turns: 6411, Time: 00:10:13

Health: -3/74      AC:  8    Str: 22    XL:     9   Next: 32%
Magic:  9/9        EV:  7    Int:  8    God:    Okawaru [......]
Gold:   456        SH: 10    Dex: 10    Spells: 8/8 levels left

rFire    . . .     SeeInvis .   a - +0 war axe
rCold    . . .     Gourm    +   c - +0 shield
rNeg     . . .     Faith    .   b - +0 scale mail
rPois    .         Spirit   .   (no helmet)
rElec    .         Reflect  .   (no cloak)
rCorr    .         Harm     .   (no gloves)
MR       .....                  n - +0 pair of boots
Stlth    ..........             A - amulet of the gourmand
HPRegen  0.22/turn              (no ring)
MPRegen  0.11/turn              (no ring)

@: barbed spikes
A: no striking features
a: Renounce Religion


You were on level 7 of the Dungeon.
You worshipped Okawaru.
Okawaru was noncommittal.
You were not hungry.

You visited 2 branches of the dungeon, and saw 8 of its levels.

You collected 456 gold pieces.

Inventory:

Hand Weapons
 a - a +0 war axe (weapon)
Armour
 b - a +0 scale mail (worn)
 c - a +0 shield (worn)
 n - a +0 pair of boots (worn)
Jewellery
 q - an uncursed ring of magical power
 A - an amulet of the gourmand (around neck)
Wands
 v - a wand of scattershot (4)
Scrolls
 e - 2 scrolls of blinking {unknown}
 h - 6 scrolls of remove curse
 k - 2 scrolls of fog {unknown}
 l - 4 scrolls of teleportation
 o - 2 scrolls of noise {unknown}
 p - 3 scrolls of enchant weapon {unknown}
 t - a scroll of magic mapping {unknown}
 u - 3 scrolls of fear {unknown}
 y - a scroll of identify
Potions
 d - 3 potions of might
 g - a potion of cancellation {unknown}
 i - a potion of flight
 j - 2 potions of curing
 m - 5 potions of haste
 r - 3 potions of agility
 s - 2 potions of ambrosia
 w - 2 potions of berserk rage
 x - a potion of brilliance {unknown}
Comestibles
 f - 11 rations
 z - 14 chunks of flesh


   Skills:
 + Level 5.4 Fighting
 * Level 13.4 Axes
 + Level 4.9 Armour
 + Level 4.9 Shields


You had 8 spell levels left.
You didn't know any spells.
Your spell library was empty.

Dungeon Overview and Level Annotations

Branches:
Dungeon (7/15)             Temple (1/1) D:6

Altars:
Ashenzari
Cheibriados
Dithmenos
Elyvilon
Fedhas
Gozag
Hepliaklqana
Kikubaaqudgha
Makhleb
Nemelex Xobeh
Okawaru
Qazlal
Ru
Sif Muna
Trog
Uskayaw
Vehumet
Wu Jian
Xom
Yredelemnul
Zin
The Shining One


Message History

The manticore completely misses you.
You barely miss the manticore.
The manticore is almost dead.
You block the manticore's attack. x2; The manticore claws you.
* * * LOW HITPOINT WARNING * * *
An acid dragon comes into view.
The manticore flicks its tail.
The volley of spikes hits you!
The barbed spikes become lodged in your body.
* * * LOW HITPOINT WARNING * * *
The barbs in your skin will harm you if you move.
Continue?
Okay, then.
You feel better.
You hit the manticore.
The manticore is almost dead.
You block the manticore's attack. x2; The manticore closely misses you.
You hit the manticore.
The manticore is almost dead.
The manticore bites you!
You die...

........##.<.#
...........### .
.......)##.# #..
........)..# ###...#
........#.)##......#
..........))).......
..#######.##.#..####
# #..#.# .# ..
#.#.@##.#.###
#..#H#)KD.#%+
#.#.KD# #.##..#
#.#.#.# ..##### #.
..## .... ....


You could see a manticore, an acid dragon and a kobold.

Vanquished Creatures
  Sigmund (D:6)
  An ice beast (D:7)
  3 phantoms
  An ogre (D:4)
  3 centaurs
  A big kobold (D:7)
  Blork the orc (D:6)
  2 bullfrogs (D:6)
  A gnoll sergeant (D:5)
  2 scorpions
  A howler monkey (D:4)
  A bullfrog zombie (D:5)
  A hound (D:4)
  3 jellies (D:6)
  2 centaur skeletons
  3 orc priests
  2 iguanas
  Terence (D:2)
  4 orc wizards
  A worker ant (D:5)
  12 gnolls
  13 adders
  2 shadow imps
  An ooze (D:7)
  2 worms (D:2)
  A dart slug (D:2)
  3 leopard geckos
  16 orcs
  2 giant cockroaches
  6 goblins
  10 hobgoblins
  13 jackals
  4 quokkas
  11 bats
  7 frilled lizards
  2 giant cockroach zombies (D:5)
  10 kobolds
  8 rats
158 creatures vanquished.

Vanquished Creatures (others)
  A plant (D:7)
1 creature vanquished.

Grand Total: 159 creatures vanquished

Notes
Turn   | Place    | Note
-------+----------+-------------------------------------------
     0 | D:1      | Elellon the Hill Orc Fighter began the quest for the Orb.
     0 | D:1      | Reached XP level 1. HP: 19/19 MP: 1/1
    62 | D:1      | Reached skill level 3 in Axes
    87 | D:1      | Reached XP level 2. HP: 24/26 MP: 2/2
   123 | D:1      | Reached skill level 4 in Axes
   248 | D:1      | Reached XP level 3. HP: 28/31 MP: 3/3
   825 | D:2      | Reached skill level 5 in Axes
  1030 | D:2      | Reached XP level 4. HP: 31/39 MP: 4/4
  1327 | D:2      | Noticed Terence
  1336 | D:2      | Killed Terence
  1336 | D:2      | Reached skill level 6 in Axes
  1632 | D:3      | Reached XP level 5. HP: 41/45 MP: 5/5
  1744 | D:3      | Reached skill level 7 in Axes
  2032 | D:4      | Noticed a phantom
  2055 | D:4      | Reached skill level 8 in Axes
  2055 | D:4      | Reached XP level 6. HP: 43/51 MP: 6/6
  2064 | D:4      | Killed a phantom
  2082 | D:4      | Reached skill level 9 in Axes
  2415 | D:4      | Noticed a phantom
  2436 | D:4      | Killed a phantom
  2527 | D:4      | Reached XP level 7. HP: 52/57 MP: 7/7
  2735 | D:4      | Found a basalt altar of Yredelemnul.
  2896 | D:4      | Reached skill level 10 in Axes
  3196 | D:4      | Got an encrusted leather armour
  3206 | D:4      | Identified the cursed +0 leather armour of Servitude {+Inv
                  | rElec} (You found it on level 4 of the Dungeon)
  3267 | D:5      | Entered Level 5 of the Dungeon
  3267 | D:5      | Found an ancient bone altar of Kikubaaqudgha.
  3449 | D:5      | Reached skill level 11 in Axes
  3894 | D:5      | Reached XP level 8. HP: 64/64 MP: 8/8
  4017 | D:5      | Reached skill level 12 in Axes
  4932 | D:6      | Noticed Blork the orc
  4938 | D:6      | Killed Blork the orc
  4977 | D:6      | Noticed Sigmund
  5049 | D:6      | Killed Sigmund
  5235 | D:6      | Reached skill level 13 in Axes
  5235 | D:6      | Reached XP level 9. HP: 28/73 MP: 9/9
  5470 | D:6      | Reached skill level 5 in Fighting
  5639 | D:6      | Found a staircase to the Ecumenical Temple.
  5648 | Temple   | Entered the Ecumenical Temple
  5943 | Temple   | Became a worshipper of Warmaster Okawaru
  6390 | D:7      | Noticed a manticore
  6408 | D:7      | HP: 3/74 [manticore/volley of spikes (13)]
  6411 | D:7      | Slain by a manticore

Levels and vault maps discovered:
D:1:      lemuel_arrival_hallway, layout_basic
D:2:      layout_rooms, uniq_terence
D:3:      layout_rooms
D:4:      layout_basic, kennysheep_mini, first_ration
D:5:      minmay_inner_zag, layout_loops_ring, basic_altar, lightli_minifort
D:6:      layout_basic, lemuel_temple_firewalk_b, uniq_sigmund,
          uniq_blork_the_orc
D:7:      layout_rooms, serial_shops, shop, minmay_shattered_shrine
Temple:   regret_index_temple_sigil_plot

Skill      XL: |  1  2  3  4  5  6  7  8  9 |
---------------+----------------------------+-----
Axes           | 3 4 5 6 8 9 11 13 | 13.4
Fighting       | 4 5 |  5.4
Armour         | 4 |  4.9
Shields        | 4 |  4.9

Action                   |  1- 3 |  4- 6 |  7- 9 || total
-------------------------+-------+-------+-------++-------
Melee: War axe           |   110 |   155 |   282 ||   547
  Use: Scroll            |       |       |    11 ||    11
       Potion            |       |       |     1 ||     1
  Eat: Chunk             |     1 |     5 |    12 ||    18
Armor: Scale mail        |    72 |    49 |    91 ||   212
Dodge: Dodged            |    33 |    47 |    80 ||   160
Block: Shield            |    66 |    69 |   122 ||   257
